Chicago Black Hawks vs Vancouver Canucks
(R1)
Created - Thursday, March 23, 2023 at 08:45
Goals
|
| Chicago Black Hawks |
4 |
2 |
0 |
6 |
| Vancouver Canucks |
2 |
0 |
1 |
3 |
|
Shots
|
| Chicago Black Hawks |
19 |
10 |
14 |
43 |
| Vancouver Canucks |
17 |
7 |
15 |
39 |
|
1st period
1. Chicago Black Hawks , Lawson Crouse 2 (Bryan Rust 4, Bo Horvat 8) at 7:10
2. Vancouver Canucks , Mikko Rantanen 7 (Clayton Keller 5, Aleksander Barkov 9) at 8:03
3. Chicago Black Hawks , Matt Duchene 8 (Steven Stamkos 11, Matthew Tkachuk 7) at 8:14
4. Vancouver Canucks , Mikko Rantanen 8 (Clayton Keller 6, Aleksander Barkov 10) at 12:44 (PP)
5. Chicago Black Hawks , Steven Stamkos 9 (Matthew Tkachuk 8) at 14:35
6. Chicago Black Hawks , Travis Konecny 6 (Brent Burns 6) at 18:00
Penalties :
Bo Horvat (CHI) for Slashing (Minor) at 11:30, Nikita Zadorov (VAN) for Kneeing (Minor) at 14:46, Mikhail Sergachev (CHI) for Cross-checking (Minor) at 18:17
2nd period
7. Chicago Black Hawks , Travis Konecny 7 (Phillip Danault 1, Nikolaj Ehlers 3) at 2:39
8. Chicago Black Hawks , Chris Kreider 8 (Bo Horvat 9, Brent Burns 7) at 5:49
Penalties :
Rasmus Ristolainen (CHI) for Tripping (Minor) at 7:40, Alex Formenton (VAN) for Holding (Minor) at 10:31
3rd period
9. Vancouver Canucks , Jake Bean 1 (Aleksander Barkov 11, Mikko Rantanen 5) at 14:58
Penalties :
Nikita Zadorov (VAN) for Fighting (Major) at 9:48, Devon Toews (CHI) for Fighting (Major) at 9:48, Mikko Rantanen (VAN) for High sticking (Minor) at 15:11
Goalie Stats
Jordan Binnington (CHI), 36 saves from 39 shots - (0.923), W, 1-0-0, 60:00 minutes
Joonas Korpisalo (VAN), 22 saves from 24 shots - (0.917), 42:00 minutes
Ville Husso (VAN), 15 saves from 19 shots - (0.789), L, 1-4-1, 18:00 minutes
Players Stats for Chicago Black Hawks
Player Name G A P +/- PIM S H SB GA TA FO MP PP MP PK MP
------------------------------------------------------------------------------------
Barclay Goodrow 0 0 0 1 0 0 1 3 0 0 4/11 12:01 0:00 3:30
Bo Horvat 0 2 2 1 2 4 0 0 1 0 5/10 15:44 2:39 0:25
Brent Burns 0 2 2 3 0 4 0 1 0 0 0/0 25:31 4:04 1:40
Bryan Rust 0 1 1 1 0 1 0 1 0 0 0/1 8:21 0:00 0:00
Chris Kreider 1 0 1 1 0 4 2 0 0 1 0/1 18:00 3:18 1:38
Devon Toews 0 0 0 4 5 2 4 1 0 1 0/0 22:37 1:53 3:22
Lawson Crouse 1 0 1 1 0 1 1 1 1 2 0/0 12:01 0:00 3:30
Matt Duchene 1 0 1 1 0 2 0 0 0 0 2/3 19:05 3:18 0:00
Matthew Tkachuk 0 2 2 1 0 2 3 1 0 0 1/2 19:10 2:39 0:01
Mikhail Sergachev 0 0 0 1 2 3 2 0 0 0 0/0 22:13 4:04 1:12
Nicolas Hague 0 0 0 -1 0 0 0 3 0 2 0/0 14:10 0:00 1:48
Nikolaj Ehlers 0 1 1 1 0 2 0 1 0 0 0/0 11:08 0:00 0:00
Phillip Danault 0 1 1 1 0 2 1 0 0 0 1/5 12:24 0:00 1:16
Rasmus Andersson 0 0 0 -1 0 3 0 2 0 0 0/0 15:47 0:00 0:00
Rasmus Ristolainen 0 0 0 2 2 0 2 1 0 0 0/0 18:00 0:00 2:22
Steven Stamkos 1 1 2 1 0 5 0 0 0 0 19/27 19:05 3:18 0:00
Travis Konecny 2 0 2 1 0 7 0 0 0 0 0/1 14:18 2:39 0:04
Vladimir Tarasenko 0 0 0 1 0 1 1 0 0 0 0/0 15:09 1:53 0:00
Players Stats for Vancouver Canucks
Player Name G A P +/- PIM S H SB GA TA FO MP PP MP PK MP
------------------------------------------------------------------------------------
Adam Boqvist 0 0 0 -2 0 2 0 0 0 1 0/0 20:57 3:20 0:00
Aleksander Barkov 0 3 3 2 0 5 4 0 0 0 17/25 21:07 3:07 1:03
Alex Formenton 0 0 0 -1 2 2 1 0 0 0 1/1 10:16 0:00 2:06
Anton Lundell 0 0 0 -4 0 0 2 0 0 1 7/22 18:24 2:05 3:05
Artturi Lehkonen 0 0 0 -4 0 4 1 0 0 0 1/1 17:14 2:05 1:36
Casey Mittelstadt 0 0 0 -1 0 0 1 0 0 0 1/3 12:22 0:00 1:38
Clayton Keller 0 2 2 2 0 5 1 0 1 0 0/3 21:43 3:07 1:29
Jake Bean 1 0 1 1 0 1 1 1 0 0 0/0 16:08 1:52 2:34
Jesperi Kotkaniemi 0 0 0 -1 0 1 2 0 0 0 1/1 10:54 0:00 0:44
Kasperi Kapanen 0 0 0 -1 0 1 0 0 0 0 0/0 10:10 0:00 0:00
Mikko Rantanen 2 1 3 2 2 7 0 1 1 0 1/2 20:03 3:07 0:00
Miro Heiskanen 0 0 0 -2 0 2 2 2 0 0 0/0 24:42 1:52 3:23
Nathan Smith 0 0 0 -1 0 0 1 0 0 0 0/2 7:46 0:00 0:00
Nikita Zadorov 0 0 0 -3 7 0 1 1 0 0 0/0 16:27 0:00 0:00
Noah Hanifin 0 0 0 -3 0 3 2 1 0 0 0/0 27:24 3:20 2:34
Olli Maatta 0 0 0 1 0 1 3 1 0 0 0/0 14:39 0:00 3:23
Robby Fabbri 0 0 0 -4 0 4 6 1 4 0 0/1 15:57 2:05 0:13
Taylor Raddysh 0 0 0 -1 0 1 0 0 0 0 0/0 7:46 0:00 0:00
3 Stars
1 - Travis Konecny (CHI)
2 - Mikko Rantanen (VAN)
3 - Aleksander Barkov (VAN)
Power Play
Chicago Black Hawks - 0 on 3 Attempt(s) - 0.00%
Vancouver Canucks - 1 on 3 Attempt(s) - 33.33%
Penalty Kill
Chicago Black Hawks - 2 on 3 Attempt(s) - 66.67%
- Score 0 goal in Penalty Kill
Vancouver Canucks - 3 on 3 Attempt(s) - 100.00%
- Score 0 goal in Penalty Kill
Team Stat
Chicago Black Hawks - Hits : 17 - Faceoff Wins : 32 - Blocked Shots : 15 - Penalty Minutes : 11
Vancouver Canucks - Hits : 28 - Faceoff Wins : 29 - Blocked Shots : 8 - Penalty Minutes : 11
Official
Referees : Frederick L'Ecuyer and Dave Jackson
Linesman : Jonny Murray and Brandon Gawryletz
Game Notes
Joonas Korpisalo enters game at 18:00 of 1st period
Nikita Zadorov and Devon Toews fight to a draw at 9:48 of 3rd period
Finance
Level 1 -- Attendance: 4782 (79.70%) -- Ticket Income $473,418
Level 2 -- Attendance: 3697 (73.94%) -- Ticket Income $218,123
Level 3 -- Attendance: 2774 (92.47%) -- Ticket Income $94,316
Level 4 -- Attendance: 4459 (89.18%) -- Ticket Income $107,016
Luxury Box -- Attendance: 812 (81.20%) -- Ticket Income $161,588
Game was played at the American Airlines Center.
Total Attendance: 16524 (82.62%)
Total Ticket Income: $1,054,461
Other Income: $369,061
Total Income: $1,423,522
Chicago Black Hawks
5 vs 5 Forward
Center Left Wing Right Wing Time % Phy DF OF
1 Steven Stamkos Matthew Tkachuk Matt Duchene 40 0 1 4
2 Bo Horvat Chris Kreider Vladimir Tarasenko 30 0 1 4
3 Phillip Danault Nikolaj Ehlers Travis Konecny 20 0 2 3
4 Barclay Goodrow Bryan Rust Lawson Crouse 10 0 2 3
5 vs 5 Defense
Defense Defense Time % Phy DF OF
1 Brent Burns Devon Toews 40 0 2 3
2 Rasmus Ristolainen Mikhail Sergachev 30 0 2 3
3 Rasmus Andersson Nicolas Hague 20 0 4 1
4 Mikhail Sergachev Rasmus Andersson 10 0 3 2
PowerPlay Forward
Center Left Wing Right Wing Time % Phy DF OF
1 Steven Stamkos Chris Kreider Matt Duchene 60 0 0 5
2 Bo Horvat Matthew Tkachuk Travis Konecny 40 0 0 5
PowerPlay Defense
Defense Defense Time % Phy DF OF
1 Brent Burns Mikhail Sergachev 60 0 0 5
2 Devon Toews Vladimir Tarasenko 40 0 0 5
Penalty Kill 4 Players Forward
Center Wing Time % Phy DF OF
1 Barclay Goodrow Lawson Crouse 60 0 5 0
2 Phillip Danault Chris Kreider 40 0 5 0
Penalty Kill 4 Players Defense
Defense Defense Time % Phy DF OF
1 Devon Toews Rasmus Ristolainen 60 0 5 0
2 Brent Burns Mikhail Sergachev 40 0 5 0
Penalty Kill - 3 Players Forward
Forward Time % Phy DF OF
1 Barclay Goodrow 60 0 5 0
2 Phillip Danault 40 0 5 0
Penalty Kill - 3 Players Defense
Defense Defense Time % Phy DF OF
1 Rasmus Ristolainen Mikhail Sergachev 60 0 5 0
2 Devon Toews Nicolas Hague 40 0 5 0
4 vs 4 Forward
Center Wing Time % Phy DF OF
1 Phillip Danault Nikolaj Ehlers 60 0 2 3
2 Bo Horvat Bryan Rust 40 0 2 3
4 vs 4 Defense
Defense Defense Time % Phy DF OF
1 Nicolas Hague Rasmus Ristolainen 60 0 4 1
2 Devon Toews Brent Burns 40 0 2 3
Last Minutes Offensive
Center Left Wing Right Wing Defense Defense
Steven Stamkos Chris Kreider Matthew Tkachuk Brent Burns Devon Toews
Last Minutes Defensive
Center Left Wing Right Wing Defense Defense
Barclay Goodrow Lawson Crouse Phillip Danault Rasmus Ristolainen Brent Burns
Goaltenders
Starting : Jordan Binnington
Backup : Ilya Sorokin
Extra Forwards
Normal : Lawson Crouse, Vladimir Tarasenko, Phillip Danault - PP : Bryan Rust, Nikolaj Ehlers - PK : Bo Horvat
Extra Defensemen
Normal : Rasmus Ristolainen, Nicolas Hague, Devon Toews - PP : Rasmus Ristolainen - PK : Nicolas Hague, Devon Toews
Penalty Shots
Bryan Rust, Matt Duchene, Devon Toews, Bo Horvat, Rasmus Ristolainen
Vancouver Canucks
5 vs 5 Forward
Center Left Wing Right Wing Time % Phy DF OF
1 Aleksander Barkov Clayton Keller Mikko Rantanen 40 1 2 2
2 Anton Lundell Robby Fabbri Artturi Lehkonen 30 1 2 2
3 Casey Mittelstadt Jesperi Kotkaniemi Kasperi Kapanen 20 1 2 2
4 Nathan Smith Alex Formenton Taylor Raddysh 10 1 2 2
5 vs 5 Defense
Defense Defense Time % Phy DF OF
1 Miro Heiskanen Noah Hanifin 40 1 2 2
2 Adam Boqvist Nikita Zadorov 30 1 2 2
3 Jake Bean Olli Maatta 20 1 2 2
4 Nikita Zadorov Noah Hanifin 10 1 2 2
PowerPlay Forward
Center Left Wing Right Wing Time % Phy DF OF
1 Aleksander Barkov Clayton Keller Mikko Rantanen 60 1 2 2
2 Anton Lundell Robby Fabbri Artturi Lehkonen 40 1 2 2
PowerPlay Defense
Defense Defense Time % Phy DF OF
1 Adam Boqvist Noah Hanifin 60 1 2 2
2 Jake Bean Miro Heiskanen 40 1 2 2
Penalty Kill 4 Players Forward
Center Wing Time % Phy DF OF
1 Anton Lundell Alex Formenton 60 1 2 2
2 Aleksander Barkov Clayton Keller 40 1 2 2
Penalty Kill 4 Players Defense
Defense Defense Time % Phy DF OF
1 Miro Heiskanen Olli Maatta 60 1 2 2
2 Noah Hanifin Jake Bean 40 1 2 2
Penalty Kill - 3 Players Forward
Forward Time % Phy DF OF
1 Anton Lundell 60 1 2 2
2 Aleksander Barkov 40 1 2 2
Penalty Kill - 3 Players Defense
Defense Defense Time % Phy DF OF
1 Miro Heiskanen Olli Maatta 60 1 2 2
2 Noah Hanifin Jake Bean 40 1 2 2
4 vs 4 Forward
Center Wing Time % Phy DF OF
1 Aleksander Barkov Mikko Rantanen 60 1 2 2
2 Robby Fabbri Clayton Keller 40 1 2 2
4 vs 4 Defense
Defense Defense Time % Phy DF OF
1 Nikita Zadorov Noah Hanifin 60 1 2 2
2 Miro Heiskanen Adam Boqvist 40 1 2 2
Last Minutes Offensive
Center Left Wing Right Wing Defense Defense
Aleksander Barkov Clayton Keller Mikko Rantanen Miro Heiskanen Noah Hanifin
Last Minutes Defensive
Center Left Wing Right Wing Defense Defense
Anton Lundell Alex Formenton Clayton Keller Miro Heiskanen Olli Maatta
Goaltenders
Starting : Ville Husso
Backup : Joonas Korpisalo
Extra Forwards
Normal : Aleksander Barkov, Mikko Rantanen, Clayton Keller - PP : Robby Fabbri, Kasperi Kapanen - PK : Artturi Lehkonen
Extra Defensemen
Normal : Nikita Zadorov, Noah Hanifin, Miro Heiskanen - PP : Adam Boqvist - PK : Olli Maatta, Jake Bean
Penalty Shots
Aleksander Barkov, Mikko Rantanen, Anton Lundell, Jake Bean, Miro Heiskanen
% Time on Ice - Chicago Black Hawks
Lines # - Real PCT - Wanted PCT - Time Play
Normal Forward
1 - 34% - 40% - 16:41
2 - 26% - 30% - 12:41
3 - 23% - 20% - 11:08
4 - 17% - 10% - 8:21
Normal Defense
1 - 41% - 40% - 19:52
2 - 27% - 30% - 13:12
3 - 25% - 20% - 12:02
4 - 8% - 10% - 3:45
PP Forward
1 - 55% - 60% - 3:18
2 - 45% - 40% - 2:39
PP Defense
1 - 68% - 60% - 4:04
2 - 32% - 40% - 1:53
PK Forward
1 - 76% - 60% - 3:56
2 - 24% - 40% - 1:16
PK Defense
1 - 68% - 60% - 3:32
2 - 32% - 40% - 1:40
PK3 Forward
1 - 0% - 60%
2 - 0% - 40%
PK3 Defense
1 - 0% - 60%
2 - 0% - 40%
44 Forward
1 - 0% - 60%
2 - 0% - 40%
44 Defense
1 - 0% - 60%
2 - 0% - 40%
Last Minute Offensive - 0:00
Last Minute Defensive - 0:00
Total
Forward - 60:00
Defense - 60:00
|
% Time on Ice - Vancouver Canucks
Lines # - Real PCT - Wanted PCT - Time Play
Normal Forward
1 - 36% - 40% - 17:41
2 - 27% - 30% - 13:14
3 - 21% - 20% - 10:10
4 - 16% - 10% - 7:46
Normal Defense
1 - 37% - 40% - 17:55
2 - 35% - 30% - 16:56
3 - 22% - 20% - 10:39
4 - 7% - 10% - 3:21
PP Forward
1 - 60% - 60% - 3:07
2 - 40% - 40% - 2:05
PP Defense
1 - 64% - 60% - 3:20
2 - 36% - 40% - 1:52
PK Forward
1 - 82% - 60% - 4:54
2 - 18% - 40% - 1:03
PK Defense
1 - 57% - 60% - 3:23
2 - 43% - 40% - 2:34
PK3 Forward
1 - 0% - 60%
2 - 0% - 40%
PK3 Defense
1 - 0% - 60%
2 - 0% - 40%
44 Forward
1 - 0% - 60%
2 - 0% - 40%
44 Defense
1 - 0% - 60%
2 - 0% - 40%
Last Minute Offensive - 0:00
Last Minute Defensive - 0:00
Total
Forward - 60:00
Defense - 60:00
|
Play-by-Play
1st period
0:01 of 1st period - Steven Stamkos wins face-off versus Mikko Rantanen in neutral zone.
0:12 of 1st period - Snap shot by Steven Stamkos.
0:12 of 1st period - Deflect By Matthew Tkachuk.
0:12 of 1st period - Stopped by Ville Husso with a rebound.
0:36 of 1st period - Anton Lundell is hit by Devon Toews and loses puck.
0:49 of 1st period - Snap shot by Chris Kreider.
0:49 of 1st period - Stopped by Ville Husso without a rebound.
0:50 of 1st period - Jesperi Kotkaniemi wins face-off versus Phillip Danault in Vancouver Canucks zone.
1:22 of 1st period - Mikhail Sergachev is hit by Olli Maatta and loses puck.
2:22 of 1st period - Slapshot by Travis Konecny.
2:22 of 1st period - Shot Misses the Net.
2:24 of 1st period - Slapshot by Rasmus Andersson.
2:24 of 1st period - Stopped by Ville Husso with a rebound.
2:26 of 1st period - Snap shot by Nikolaj Ehlers.
2:26 of 1st period - Stopped by Ville Husso with a rebound.
2:28 of 1st period - Slapshot by Rasmus Andersson.
2:28 of 1st period - Deflect By Travis Konecny.
2:28 of 1st period - Stopped by Ville Husso without a rebound.
2:29 of 1st period - Steven Stamkos wins face-off versus Aleksander Barkov in Vancouver Canucks zone.
2:32 of 1st period - Wrist shot by Steven Stamkos.
2:32 of 1st period - Shot Misses the Net.
2:40 of 1st period - Wrist shot by Steven Stamkos.
2:40 of 1st period - Shot Blocked by Jake Bean.
2:56 of 1st period - Chris Kreider is hit by Robby Fabbri and loses puck.
3:17 of 1st period - Olli Maatta is hit by Mikhail Sergachev and loses puck.
3:44 of 1st period - Taylor Raddysh is hit by Barclay Goodrow and loses puck.
4:29 of 1st period - Noah Hanifin is hit by Mikhail Sergachev and loses puck.
4:42 of 1st period - Slapshot by Alex Formenton.
4:42 of 1st period - Shot Misses the Net.
4:44 of 1st period - Snap shot by Alex Formenton.
4:44 of 1st period - Shot Misses the Net.
4:46 of 1st period - Snap shot by Alex Formenton.
4:46 of 1st period - Stopped by Jordan Binnington without a rebound.
4:47 of 1st period - Aleksander Barkov wins face-off versus Bo Horvat in Chicago Black Hawks zone.
6:24 of 1st period - Backhand shot by Clayton Keller.
6:24 of 1st period - Deflect By Rasmus Andersson.
6:24 of 1st period - Stopped by Jordan Binnington with a rebound.
6:44 of 1st period - Slapshot by Artturi Lehkonen.
6:44 of 1st period - Stopped by Jordan Binnington with a rebound.
6:46 of 1st period - Wrist shot by Anton Lundell.
6:46 of 1st period - Shot Misses the Net.
7:08 of 1st period - Snap shot by Bryan Rust.
7:08 of 1st period - Stopped by Ville Husso with a rebound.
7:10 of 1st period - Snap shot by Lawson Crouse.
7:10 of 1st period - Deflect By Nikita Zadorov.
7:10 of 1st period - Goal by Lawson Crouse - Chicago Black Hawks : 1 - Vancouver Canucks : 0.
7:11 of 1st period - Matt Duchene wins face-off versus Clayton Keller in neutral zone.
7:20 of 1st period - Snap shot by Steven Stamkos.
7:20 of 1st period - Shot Misses the Net.
7:22 of 1st period - Slapshot by Mikhail Sergachev.
7:22 of 1st period - Stopped by Ville Husso with a rebound.
7:24 of 1st period - Snap shot by Rasmus Andersson.
7:24 of 1st period - Stopped by Ville Husso with a rebound.
7:51 of 1st period - Wrist shot by Mikko Rantanen.
7:51 of 1st period - Shot Misses the Net.
7:53 of 1st period - Slapshot by Olli Maatta.
7:53 of 1st period - Shot Misses the Net.
8:01 of 1st period - Snap shot by Mikko Rantanen.
8:01 of 1st period - Deflect By Clayton Keller.
8:01 of 1st period - Stopped by Jordan Binnington with a rebound.
8:03 of 1st period - Wrist shot by Mikko Rantanen.
8:03 of 1st period - Goal by Mikko Rantanen - Chicago Black Hawks : 1 - Vancouver Canucks : 1.
8:04 of 1st period - Steven Stamkos wins face-off versus Anton Lundell in neutral zone.
8:07 of 1st period - Noah Hanifin is hit by Matthew Tkachuk and loses puck.
8:14 of 1st period - Wrist shot by Matt Duchene.
8:14 of 1st period - Goal by Matt Duchene - Chicago Black Hawks : 2 - Vancouver Canucks : 1.
8:15 of 1st period - Aleksander Barkov wins face-off versus Steven Stamkos in neutral zone.
8:20 of 1st period - Wrist shot by Aleksander Barkov.
8:20 of 1st period - Stopped by Jordan Binnington with a rebound.
8:47 of 1st period - Wrist shot by Aleksander Barkov.
8:47 of 1st period - Stopped by Jordan Binnington with a rebound.
8:49 of 1st period - Wrist shot by Clayton Keller.
8:49 of 1st period - Shot Blocked by Barclay Goodrow.
8:51 of 1st period - Slapshot by Jake Bean.
8:51 of 1st period - Shot Misses the Net.
8:53 of 1st period - Snap shot by Clayton Keller.
8:53 of 1st period - Deflect By Mikko Rantanen.
8:53 of 1st period - Shot Misses the Net.
8:53 of 1st period - Puck is out of play.
8:54 of 1st period - Steven Stamkos wins face-off versus Anton Lundell in Chicago Black Hawks zone.
8:54 of 1st period - Steven Stamkos is hit by Miro Heiskanen.
9:50 of 1st period - Snap shot by Vladimir Tarasenko.
9:50 of 1st period - Stopped by Ville Husso with a rebound.
10:32 of 1st period - Jake Bean is hit by Lawson Crouse.
10:38 of 1st period - Snap shot by Robby Fabbri.
10:38 of 1st period - Stopped by Jordan Binnington with a rebound.
11:30 of 1st period - Minor Penalty to Bo Horvat for Slashing.
11:31 of 1st period - Aleksander Barkov wins face-off versus Barclay Goodrow in Chicago Black Hawks zone.
11:38 of 1st period - Snap shot by Aleksander Barkov.
11:38 of 1st period - Stopped by Jordan Binnington with a rebound.
11:48 of 1st period - Snap shot by Mikko Rantanen.
11:48 of 1st period - Stopped by Jordan Binnington without a rebound.
11:49 of 1st period - Anton Lundell wins face-off versus Barclay Goodrow in Chicago Black Hawks zone.
11:50 of 1st period - Wrist shot by Robby Fabbri.
11:50 of 1st period - Stopped by Jordan Binnington with a rebound.
11:54 of 1st period - Slapshot by Robby Fabbri.
11:54 of 1st period - Shot Misses the Net.
11:56 of 1st period - Slapshot by Noah Hanifin.
11:56 of 1st period - Stopped by Jordan Binnington without a rebound.
11:57 of 1st period - Barclay Goodrow wins face-off versus Anton Lundell in Chicago Black Hawks zone.
12:32 of 1st period - Snap shot by Mikko Rantanen.
12:32 of 1st period - Deflect By Aleksander Barkov.
12:32 of 1st period - Stopped by Jordan Binnington without a rebound.
12:33 of 1st period - Aleksander Barkov wins face-off versus Chris Kreider in Chicago Black Hawks zone.
12:44 of 1st period - Snap shot by Mikko Rantanen.
12:44 of 1st period - Goal by Mikko Rantanen - Chicago Black Hawks : 2 - Vancouver Canucks : 2.
12:45 of 1st period - Steven Stamkos wins face-off versus Anton Lundell in neutral zone.
12:54 of 1st period - Brent Burns is hit by Robby Fabbri and loses puck.
13:14 of 1st period - Off-side.
13:15 of 1st period - Aleksander Barkov wins face-off versus Bo Horvat in neutral zone.
13:26 of 1st period - Snap shot by Aleksander Barkov.
13:26 of 1st period - Shot Misses the Net.
13:40 of 1st period - Vladimir Tarasenko is hit by Aleksander Barkov and loses puck.
13:55 of 1st period - Snap shot by Bo Horvat.
13:55 of 1st period - Stopped by Ville Husso with a rebound.
13:59 of 1st period - Snap shot by Vladimir Tarasenko.
13:59 of 1st period - Shot Misses the Net.
14:01 of 1st period - Slapshot by Devon Toews.
14:01 of 1st period - Shot Blocked by Nikita Zadorov.
14:03 of 1st period - Snap shot by Brent Burns.
14:03 of 1st period - Stopped by Ville Husso with a rebound.
14:05 of 1st period - Slapshot by Chris Kreider.
14:05 of 1st period - Stopped by Ville Husso without a rebound.
14:06 of 1st period - Matthew Tkachuk wins face-off versus Anton Lundell in Vancouver Canucks zone.
14:19 of 1st period - Snap shot by Steven Stamkos.
14:19 of 1st period - Stopped by Ville Husso without a rebound.
14:20 of 1st period - Steven Stamkos wins face-off versus Anton Lundell in Vancouver Canucks zone.
14:23 of 1st period - Wrist shot by Matthew Tkachuk.
14:23 of 1st period - Deflect By Matt Duchene.
14:23 of 1st period - Shot Misses the Net.
14:23 of 1st period - Puck is out of play.
14:24 of 1st period - Matt Duchene wins face-off versus Anton Lundell in Vancouver Canucks zone.
14:35 of 1st period - Snap shot by Steven Stamkos.
14:35 of 1st period - Goal by Steven Stamkos - Chicago Black Hawks : 3 - Vancouver Canucks : 2.
14:36 of 1st period - Steven Stamkos wins face-off versus Aleksander Barkov in neutral zone.
14:46 of 1st period - Minor Penalty to Nikita Zadorov for Kneeing.
14:47 of 1st period - Steven Stamkos wins face-off versus Anton Lundell in Vancouver Canucks zone.
15:05 of 1st period - Olli Maatta is hit by Chris Kreider and loses puck.
15:20 of 1st period - Wrist shot by Travis Konecny.
15:20 of 1st period - Stopped by Ville Husso with a rebound.
15:22 of 1st period - Snap shot by Bo Horvat.
15:22 of 1st period - Shot Misses the Net.
15:24 of 1st period - Slapshot by Travis Konecny.
15:24 of 1st period - Shot Misses the Net.
15:26 of 1st period - Wrist shot by Matthew Tkachuk.
15:26 of 1st period - Stopped by Ville Husso with a rebound.
16:27 of 1st period - Chris Kreider is hit by Aleksander Barkov and loses puck.
16:46 of 1st period - Penalty to Nikita Zadorov is over, Nikita Zadorov is back on ice.
17:04 of 1st period - Snap shot by Artturi Lehkonen.
17:04 of 1st period - Deflect By Rasmus Andersson.
17:04 of 1st period - Shot Misses the Net.
17:04 of 1st period - Puck is out of play.
17:05 of 1st period - Aleksander Barkov wins face-off versus Barclay Goodrow in Chicago Black Hawks zone.
17:12 of 1st period - Snap shot by Aleksander Barkov.
17:12 of 1st period - Shot Blocked by Lawson Crouse.
17:14 of 1st period - Wrist shot by Aleksander Barkov.
17:14 of 1st period - Shot Blocked by Nicolas Hague.
17:16 of 1st period - Wrist shot by Clayton Keller.
17:16 of 1st period - Shot Blocked by Barclay Goodrow.
17:18 of 1st period - Wrist shot by Mikko Rantanen.
17:18 of 1st period - Stopped by Jordan Binnington with a rebound.
17:32 of 1st period - Travis Konecny is hit by Nikita Zadorov and loses puck.
17:46 of 1st period - Icing by Nikolaj Ehlers.
17:47 of 1st period - Anton Lundell wins face-off versus Phillip Danault in Chicago Black Hawks zone.
18:00 of 1st period - Snap shot by Travis Konecny.
18:00 of 1st period - Goal by Travis Konecny - Chicago Black Hawks : 4 - Vancouver Canucks : 2.
18:00 of 1st period - Joonas Korpisalo enters game.
18:01 of 1st period - Steven Stamkos wins face-off versus Robby Fabbri in neutral zone.
18:06 of 1st period - Noah Hanifin is hit by Matthew Tkachuk.
18:17 of 1st period - Minor Penalty to Mikhail Sergachev for Cross-checking.
18:18 of 1st period - Aleksander Barkov wins face-off versus Barclay Goodrow in Chicago Black Hawks zone.
18:22 of 1st period - Wrist shot by Clayton Keller.
18:22 of 1st period - Stopped by Jordan Binnington without a rebound.
18:23 of 1st period - Barclay Goodrow wins face-off versus Clayton Keller in Chicago Black Hawks zone.
18:36 of 1st period - Wrist shot by Noah Hanifin.
18:36 of 1st period - Shot Misses the Net.
19:00 of 1st period - Snap shot by Clayton Keller.
19:00 of 1st period - Stopped by Jordan Binnington without a rebound.
19:01 of 1st period - Barclay Goodrow wins face-off versus Anton Lundell in Chicago Black Hawks zone.
19:16 of 1st period - Brent Burns is hit by Robby Fabbri.
19:20 of 1st period - Chris Kreider is hit by Anton Lundell and loses puck.
19:45 of 1st period - Devon Toews is hit by Robby Fabbri and loses puck.
Goals for this period are 4 for Chicago Black Hawks vs 2 for Vancouver Canucks.
Shots for this period are 19 for Chicago Black Hawks vs 17 for Vancouver Canucks.
2nd period
0:01 of 2nd period - Aleksander Barkov wins face-off versus Barclay Goodrow in neutral zone.
0:17 of 2nd period - Penalty to Mikhail Sergachev is over, Mikhail Sergachev is back on ice.
1:10 of 2nd period - Icing by Nikolaj Ehlers.
1:11 of 2nd period - Aleksander Barkov wins face-off versus Phillip Danault in Chicago Black Hawks zone.
1:22 of 2nd period - Slapshot by Travis Konecny.
1:22 of 2nd period - Stopped by Joonas Korpisalo without a rebound.
1:23 of 2nd period - Steven Stamkos wins face-off versus Aleksander Barkov in Vancouver Canucks zone.
1:30 of 2nd period - Snap shot by Steven Stamkos.
1:30 of 2nd period - Shot Misses the Net.
1:32 of 2nd period - Snap shot by Steven Stamkos.
1:32 of 2nd period - Shot Misses the Net.
1:34 of 2nd period - Slapshot by Brent Burns.
1:34 of 2nd period - Shot Blocked by Olli Maatta.
1:50 of 2nd period - Jake Bean is hit by Devon Toews and loses puck.
1:55 of 2nd period - Snap shot by Travis Konecny.
1:55 of 2nd period - Deflect By Aleksander Barkov.
1:55 of 2nd period - Shot Misses the Net.
1:55 of 2nd period - Puck is out of play.
1:56 of 2nd period - Anton Lundell wins face-off versus Phillip Danault in Vancouver Canucks zone.
2:35 of 2nd period - Slapshot by Nikolaj Ehlers.
2:35 of 2nd period - Stopped by Joonas Korpisalo with a rebound.
2:37 of 2nd period - Snap shot by Phillip Danault.
2:37 of 2nd period - Stopped by Joonas Korpisalo with a rebound.
2:39 of 2nd period - Snap shot by Travis Konecny.
2:39 of 2nd period - Goal by Travis Konecny - Chicago Black Hawks : 5 - Vancouver Canucks : 2.
2:40 of 2nd period - Aleksander Barkov wins face-off versus Matthew Tkachuk in neutral zone.
2:55 of 2nd period - Snap shot by Aleksander Barkov.
2:55 of 2nd period - Stopped by Jordan Binnington with a rebound.
2:57 of 2nd period - Slapshot by Miro Heiskanen.
2:57 of 2nd period - Shot Misses the Net.
3:42 of 2nd period - Icing by Noah Hanifin.
3:43 of 2nd period - Casey Mittelstadt wins face-off versus Steven Stamkos in Vancouver Canucks zone.
3:50 of 2nd period - Snap shot by Kasperi Kapanen.
3:50 of 2nd period - Stopped by Jordan Binnington without a rebound.
3:51 of 2nd period - Steven Stamkos wins face-off versus Aleksander Barkov in Chicago Black Hawks zone.
4:24 of 2nd period - Mikhail Sergachev is hit by Robby Fabbri and loses puck.
4:42 of 2nd period - Mikhail Sergachev is hit by Jake Bean and loses puck.
5:47 of 2nd period - Snap shot by Chris Kreider.
5:47 of 2nd period - Shot Misses the Net.
5:49 of 2nd period - Slapshot by Chris Kreider.
5:49 of 2nd period - Goal by Chris Kreider - Chicago Black Hawks : 6 - Vancouver Canucks : 2.
5:50 of 2nd period - Aleksander Barkov wins face-off versus Steven Stamkos in neutral zone.
6:26 of 2nd period - Wrist shot by Bo Horvat.
6:26 of 2nd period - Shot Misses the Net.
6:49 of 2nd period - Snap shot by Casey Mittelstadt.
6:49 of 2nd period - Shot Blocked by Devon Toews.
7:01 of 2nd period - Devon Toews is hit by Alex Formenton and loses puck.
7:28 of 2nd period - Wrist shot by Steven Stamkos.
7:28 of 2nd period - Shot Misses the Net.
7:40 of 2nd period - Minor Penalty to Rasmus Ristolainen for Tripping.
7:41 of 2nd period - Mikko Rantanen wins face-off versus Barclay Goodrow in Chicago Black Hawks zone.
8:54 of 2nd period - Artturi Lehkonen is hit by Chris Kreider and loses puck.
9:40 of 2nd period - Penalty to Rasmus Ristolainen is over, Rasmus Ristolainen is back on ice.
10:02 of 2nd period - Casey Mittelstadt is hit by Rasmus Ristolainen and loses puck.
10:17 of 2nd period - Snap shot by Matthew Tkachuk.
10:17 of 2nd period - Deflect By Travis Konecny.
10:17 of 2nd period - Stopped by Joonas Korpisalo with a rebound.
10:21 of 2nd period - Wrist shot by Matthew Tkachuk.
10:21 of 2nd period - Shot Misses the Net.
10:23 of 2nd period - Slapshot by Rasmus Andersson.
10:23 of 2nd period - Stopped by Joonas Korpisalo without a rebound.
10:24 of 2nd period - Bo Horvat wins face-off versus Nathan Smith in Vancouver Canucks zone.
10:29 of 2nd period - Slapshot by Vladimir Tarasenko.
10:29 of 2nd period - Shot Misses the Net.
10:31 of 2nd period - Minor Penalty to Alex Formenton for Holding.
10:32 of 2nd period - Steven Stamkos wins face-off versus Anton Lundell in Vancouver Canucks zone.
11:53 of 2nd period - Miro Heiskanen is hit by Matthew Tkachuk and loses puck.
12:24 of 2nd period - Bo Horvat is hit by Clayton Keller and loses puck.
12:31 of 2nd period - Penalty to Alex Formenton is over, Alex Formenton is back on ice.
13:29 of 2nd period - Nikolaj Ehlers is hit by Aleksander Barkov and loses puck.
13:45 of 2nd period - Off-side.
13:46 of 2nd period - Anton Lundell wins face-off versus Steven Stamkos in neutral zone.
13:49 of 2nd period - Snap shot by Robby Fabbri.
13:49 of 2nd period - Stopped by Jordan Binnington without a rebound.
13:50 of 2nd period - Aleksander Barkov wins face-off versus Matt Duchene in Chicago Black Hawks zone.
14:01 of 2nd period - Snap shot by Mikko Rantanen.
14:01 of 2nd period - Shot Blocked by Matthew Tkachuk.
15:27 of 2nd period - Snap shot by Nikolaj Ehlers.
15:27 of 2nd period - Shot Misses the Net.
15:29 of 2nd period - Snap shot by Travis Konecny.
15:29 of 2nd period - Deflect By Phillip Danault.
15:29 of 2nd period - Stopped by Joonas Korpisalo with a rebound.
15:31 of 2nd period - Slapshot by Devon Toews.
15:31 of 2nd period - Stopped by Joonas Korpisalo with a rebound.
15:33 of 2nd period - Snap shot by Brent Burns.
15:33 of 2nd period - Deflect By Noah Hanifin.
15:33 of 2nd period - Stopped by Joonas Korpisalo without a rebound.
15:34 of 2nd period - Steven Stamkos wins face-off versus Aleksander Barkov in Vancouver Canucks zone.
16:18 of 2nd period - Icing by Bo Horvat.
16:19 of 2nd period - Barclay Goodrow wins face-off versus Casey Mittelstadt in Chicago Black Hawks zone.
16:19 of 2nd period - Barclay Goodrow is hit by Olli Maatta.
16:28 of 2nd period - Nicolas Hague is hit by Olli Maatta and loses puck.
16:47 of 2nd period - Slapshot by Clayton Keller.
16:47 of 2nd period - Shot Misses the Net.
16:49 of 2nd period - Snap shot by Mikko Rantanen.
16:49 of 2nd period - Stopped by Jordan Binnington with a rebound.
16:51 of 2nd period - Slapshot by Olli Maatta.
16:51 of 2nd period - Stopped by Jordan Binnington with a rebound.
17:56 of 2nd period - Snap shot by Nathan Smith.
17:56 of 2nd period - Shot Misses the Net.
18:10 of 2nd period - Wrist shot by Nathan Smith.
18:10 of 2nd period - Shot Blocked by Barclay Goodrow.
18:12 of 2nd period - Snap shot by Alex Formenton.
18:12 of 2nd period - Stopped by Jordan Binnington without a rebound.
18:13 of 2nd period - Aleksander Barkov wins face-off versus Barclay Goodrow in Chicago Black Hawks zone.
18:24 of 2nd period - Wrist shot by Clayton Keller.
18:24 of 2nd period - Shot Blocked by Bryan Rust.
18:26 of 2nd period - Wrist shot by Mikko Rantanen.
18:26 of 2nd period - Stopped by Jordan Binnington with a rebound.
18:28 of 2nd period - Slapshot by Adam Boqvist.
18:28 of 2nd period - Shot Misses the Net.
19:38 of 2nd period - Slapshot by Nikolaj Ehlers.
19:38 of 2nd period - Shot Misses the Net.
19:56 of 2nd period - Snap shot by Robby Fabbri.
19:56 of 2nd period - Shot Misses the Net.
19:58 of 2nd period - Wrist shot by Robby Fabbri.
19:58 of 2nd period - Deflect By Anton Lundell.
19:58 of 2nd period - Shot Misses the Net.
19:58 of 2nd period - Puck is out of play.
19:59 of 2nd period - Steven Stamkos wins face-off versus Anton Lundell in Chicago Black Hawks zone.
Goals for this period are 2 for Chicago Black Hawks vs 0 for Vancouver Canucks.
Shots for this period are 10 for Chicago Black Hawks vs 7 for Vancouver Canucks.
3rd period
0:01 of 3rd period - Steven Stamkos wins face-off versus Clayton Keller in neutral zone.
0:31 of 3rd period - Anton Lundell is hit by Rasmus Ristolainen and loses puck.
0:50 of 3rd period - Wrist shot by Travis Konecny.
0:50 of 3rd period - Stopped by Joonas Korpisalo without a rebound.
0:51 of 3rd period - Phillip Danault wins face-off versus Aleksander Barkov in Vancouver Canucks zone.
2:19 of 3rd period - Jake Bean is hit by Devon Toews and loses puck.
2:42 of 3rd period - Slapshot by Brent Burns.
2:42 of 3rd period - Stopped by Joonas Korpisalo with a rebound.
3:39 of 3rd period - Slapshot by Bo Horvat.
3:39 of 3rd period - Shot Misses the Net.
3:41 of 3rd period - Snap shot by Chris Kreider.
3:41 of 3rd period - Stopped by Joonas Korpisalo without a rebound.
3:42 of 3rd period - Artturi Lehkonen wins face-off versus Bo Horvat in Vancouver Canucks zone.
3:49 of 3rd period - Backhand shot by Bo Horvat.
3:49 of 3rd period - Shot Blocked by Noah Hanifin.
3:51 of 3rd period - Snap shot by Bo Horvat.
3:51 of 3rd period - Stopped by Joonas Korpisalo with a rebound.
3:53 of 3rd period - Wrist shot by Vladimir Tarasenko.
3:53 of 3rd period - Shot Misses the Net.
4:07 of 3rd period - Rasmus Andersson is hit by Miro Heiskanen and loses puck.
4:28 of 3rd period - Wrist shot by Noah Hanifin.
4:28 of 3rd period - Shot Blocked by Brent Burns.
4:30 of 3rd period - Snap shot by Noah Hanifin.
4:30 of 3rd period - Deflect By Devon Toews.
4:30 of 3rd period - Stopped by Jordan Binnington with a rebound.
4:32 of 3rd period - Slapshot by Jesperi Kotkaniemi.
4:32 of 3rd period - Stopped by Jordan Binnington with a rebound.
4:34 of 3rd period - Snap shot by Casey Mittelstadt.
4:34 of 3rd period - Shot Blocked by Nikolaj Ehlers.
4:36 of 3rd period - Snap shot by Kasperi Kapanen.
4:36 of 3rd period - Shot Misses the Net.
4:38 of 3rd period - Slapshot by Miro Heiskanen.
4:38 of 3rd period - Stopped by Jordan Binnington with a rebound.
4:45 of 3rd period - Icing by Devon Toews.
4:46 of 3rd period - Alex Formenton wins face-off versus Bryan Rust in Chicago Black Hawks zone.
5:55 of 3rd period - Wrist shot by Bo Horvat.
5:55 of 3rd period - Stopped by Joonas Korpisalo without a rebound.
5:56 of 3rd period - Bo Horvat wins face-off versus Casey Mittelstadt in Vancouver Canucks zone.
6:09 of 3rd period - Snap shot by Vladimir Tarasenko.
6:09 of 3rd period - Shot Misses the Net.
6:11 of 3rd period - Wrist shot by Vladimir Tarasenko.
6:11 of 3rd period - Shot Misses the Net.
6:13 of 3rd period - Slapshot by Rasmus Ristolainen.
6:13 of 3rd period - Shot Misses the Net.
6:15 of 3rd period - Snap shot by Mikhail Sergachev.
6:15 of 3rd period - Stopped by Joonas Korpisalo with a rebound.
6:43 of 3rd period - Wrist shot by Bo Horvat.
6:43 of 3rd period - Stopped by Joonas Korpisalo without a rebound.
6:44 of 3rd period - Aleksander Barkov wins face-off versus Steven Stamkos in Vancouver Canucks zone.
6:44 of 3rd period - Aleksander Barkov is hit by Devon Toews.
7:22 of 3rd period - Snap shot by Nikolaj Ehlers.
7:22 of 3rd period - Shot Misses the Net.
7:38 of 3rd period - Slapshot by Adam Boqvist.
7:38 of 3rd period - Shot Blocked by Nicolas Hague.
7:40 of 3rd period - Wrist shot by Alex Formenton.
7:40 of 3rd period - Shot Misses the Net.
7:42 of 3rd period - Snap shot by Alex Formenton.
7:42 of 3rd period - Shot Misses the Net.
7:58 of 3rd period - Snap shot by Clayton Keller.
7:58 of 3rd period - Stopped by Jordan Binnington with a rebound.
8:10 of 3rd period - Casey Mittelstadt is hit by Vladimir Tarasenko and loses puck.
8:55 of 3rd period - Slapshot by Bryan Rust.
8:55 of 3rd period - Shot Misses the Net.
9:37 of 3rd period - Snap shot by Vladimir Tarasenko.
9:37 of 3rd period - Shot Blocked by Miro Heiskanen.
9:39 of 3rd period - Slapshot by Brent Burns.
9:39 of 3rd period - Stopped by Joonas Korpisalo with a rebound.
9:41 of 3rd period - Slapshot by Devon Toews.
9:41 of 3rd period - Stopped by Joonas Korpisalo without a rebound.
9:42 of 3rd period - Bo Horvat wins face-off versus Anton Lundell in Vancouver Canucks zone.
9:45 of 3rd period - Slapshot by Vladimir Tarasenko.
9:45 of 3rd period - Deflect By Bo Horvat.
9:45 of 3rd period - Shot Blocked by Robby Fabbri.
9:45 of 3rd period - Puck is out of play.
9:46 of 3rd period - Anton Lundell wins face-off versus Steven Stamkos in Vancouver Canucks zone.
9:48 of 3rd period - Nikita Zadorov and Devon Toews fight to a draw.
9:48 of 3rd period - Penalty to Nikita Zadorov for Fighting.
9:48 of 3rd period - Penalty to Devon Toews for Fighting.
9:49 of 3rd period - Steven Stamkos wins face-off versus Aleksander Barkov in neutral zone.
10:06 of 3rd period - Snap shot by Steven Stamkos.
10:06 of 3rd period - Stopped by Joonas Korpisalo without a rebound.
10:07 of 3rd period - Bo Horvat wins face-off versus Anton Lundell in Vancouver Canucks zone.
11:00 of 3rd period - Slapshot by Brent Burns.
11:00 of 3rd period - Shot Misses the Net.
11:02 of 3rd period - Snap shot by Steven Stamkos.
11:02 of 3rd period - Stopped by Joonas Korpisalo with a rebound.
11:04 of 3rd period - Snap shot by Matt Duchene.
11:04 of 3rd period - Stopped by Joonas Korpisalo with a rebound.
11:06 of 3rd period - Snap shot by Matthew Tkachuk.
11:06 of 3rd period - Shot Blocked by Miro Heiskanen.
11:08 of 3rd period - Slapshot by Mikhail Sergachev.
11:08 of 3rd period - Stopped by Joonas Korpisalo with a rebound.
11:10 of 3rd period - Snap shot by Matt Duchene.
11:10 of 3rd period - Deflect By Steven Stamkos.
11:10 of 3rd period - Shot Misses the Net.
11:10 of 3rd period - Puck is out of play.
11:11 of 3rd period - Anton Lundell wins face-off versus Travis Konecny in Vancouver Canucks zone.
11:16 of 3rd period - Phillip Danault is hit by Robby Fabbri and loses puck.
11:42 of 3rd period - Wrist shot by Noah Hanifin.
11:42 of 3rd period - Stopped by Jordan Binnington with a rebound.
12:10 of 3rd period - Lawson Crouse is hit by Jesperi Kotkaniemi and loses puck.
12:31 of 3rd period - Snap shot by Anton Lundell.
12:31 of 3rd period - Shot Blocked by Rasmus Ristolainen.
13:08 of 3rd period - Slapshot by Nathan Smith.
13:08 of 3rd period - Shot Misses the Net.
13:10 of 3rd period - Slapshot by Adam Boqvist.
13:10 of 3rd period - Shot Blocked by Nicolas Hague.
13:12 of 3rd period - Slapshot by Adam Boqvist.
13:12 of 3rd period - Stopped by Jordan Binnington with a rebound.
13:14 of 3rd period - Slapshot by Jake Bean.
13:14 of 3rd period - Shot Blocked by Rasmus Andersson.
13:16 of 3rd period - Snap shot by Taylor Raddysh.
13:16 of 3rd period - Stopped by Jordan Binnington without a rebound.
13:17 of 3rd period - Anton Lundell wins face-off versus Bo Horvat in Chicago Black Hawks zone.
13:18 of 3rd period - Slapshot by Artturi Lehkonen.
13:18 of 3rd period - Stopped by Jordan Binnington with a rebound.
13:20 of 3rd period - Slapshot by Olli Maatta.
13:20 of 3rd period - Deflect By Robby Fabbri.
13:20 of 3rd period - Stopped by Jordan Binnington with a rebound.
13:54 of 3rd period - Matt Duchene is hit by Noah Hanifin and loses puck.
14:05 of 3rd period - Jake Bean is hit by Phillip Danault and loses puck.
14:14 of 3rd period - Travis Konecny is hit by Jesperi Kotkaniemi and loses puck.
14:25 of 3rd period - Mikhail Sergachev is hit by Artturi Lehkonen and loses puck.
14:34 of 3rd period - Snap shot by Artturi Lehkonen.
14:34 of 3rd period - Stopped by Jordan Binnington with a rebound.
14:36 of 3rd period - Wrist shot by Artturi Lehkonen.
14:36 of 3rd period - Stopped by Jordan Binnington without a rebound.
14:37 of 3rd period - Aleksander Barkov wins face-off versus Steven Stamkos in Chicago Black Hawks zone.
14:40 of 3rd period - Snap shot by Mikko Rantanen.
14:40 of 3rd period - Stopped by Jordan Binnington without a rebound.
14:41 of 3rd period - Aleksander Barkov wins face-off versus Steven Stamkos in Chicago Black Hawks zone.
14:56 of 3rd period - Snap shot by Aleksander Barkov.
14:56 of 3rd period - Shot Misses the Net.
14:58 of 3rd period - Snap shot by Jake Bean.
14:58 of 3rd period - Goal by Jake Bean - Chicago Black Hawks : 6 - Vancouver Canucks : 3.
14:59 of 3rd period - Steven Stamkos wins face-off versus Aleksander Barkov in neutral zone.
15:11 of 3rd period - Minor Penalty to Mikko Rantanen for High sticking.
15:12 of 3rd period - Steven Stamkos wins face-off versus Anton Lundell in Vancouver Canucks zone.
15:24 of 3rd period - Snap shot by Steven Stamkos.
15:24 of 3rd period - Stopped by Joonas Korpisalo without a rebound.
15:25 of 3rd period - Steven Stamkos wins face-off versus Anton Lundell in Vancouver Canucks zone.
16:43 of 3rd period - Chris Kreider is hit by Aleksander Barkov and loses puck.
17:00 of 3rd period - Matthew Tkachuk is hit by Casey Mittelstadt and loses puck.
17:11 of 3rd period - Penalty to Mikko Rantanen is over, Mikko Rantanen is back on ice.
17:27 of 3rd period - Slapshot by Lawson Crouse.
17:27 of 3rd period - Shot Misses the Net.
17:39 of 3rd period - Wrist shot by Nikolaj Ehlers.
17:39 of 3rd period - Shot Blocked by Mikko Rantanen.
18:05 of 3rd period - Bo Horvat is hit by Noah Hanifin and loses puck.
18:12 of 3rd period - Bo Horvat is hit by Nathan Smith and loses puck.
19:22 of 3rd period - Slapshot by Adam Boqvist.
19:22 of 3rd period - Shot Blocked by Rasmus Andersson.
19:24 of 3rd period - Snap shot by Adam Boqvist.
19:24 of 3rd period - Stopped by Jordan Binnington without a rebound.
19:25 of 3rd period - Bo Horvat wins face-off versus Nathan Smith in Chicago Black Hawks zone.
19:30 of 3rd period - Snap shot by Bo Horvat.
19:30 of 3rd period - Shot Misses the Net.
19:49 of 3rd period - Rasmus Ristolainen is hit by Anton Lundell and loses puck.
19:54 of 3rd period - Wrist shot by Robby Fabbri.
19:54 of 3rd period - Shot Misses the Net.
19:56 of 3rd period - Slapshot by Miro Heiskanen.
19:56 of 3rd period - Shot Misses the Net.
19:58 of 3rd period - Wrist shot by Miro Heiskanen.
19:58 of 3rd period - Deflect By Matthew Tkachuk.
19:58 of 3rd period - Stopped by Jordan Binnington without a rebound.
19:59 of 3rd period - Aleksander Barkov wins face-off versus Bo Horvat in Chicago Black Hawks zone.
Goals for this period are 0 for Chicago Black Hawks vs 1 for Vancouver Canucks.
Shots for this period are 14 for Chicago Black Hawks vs 15 for Vancouver Canucks.
Back to the Top